 Dungeon Crawl Stone Soup version 0.27-a0-1065-ge809cff456 (webtiles) character file.

Game seed: 3204423410970657974

2 BritishOli the Sneak (level 1, -6/18 HPs)
             Began as a Demonspawn Delver on Apr 22, 2021.
             Splashed by a jelly's acid (10 damage)
             ... on level 5 of the Dungeon.
             The game lasted 00:00:51 (151 turns).

BritishOli the Sneak (Demonspawn Delver)             Turns: 151, Time: 00:00:53

Health: -6/18      AC:  3    Str: 12    XL:     1   Next: 25%
Magic:  1/1        EV: 11    Int: 11    God:
Gold:   38         SH:  0    Dex: 14    Spells: 0/0 levels left

rFire    . . .     SeeInvis .   a - +0 falchion
rCold    . . .     Faith    .   (no shield)
rNeg     . . .     Spirit   .   b - +0 leather armour
rPois    .         Reflect  .   (no helmet)
rElec    .         Harm     .   (no cloak)
rCorr    .         Rampage  .   (no gloves)
Will     .....                  (no boots)
Stlth    ++........             (no amulet)
HPRegen  0.06/turn              (no ring)
MPRegen  0.07/turn              (no ring)

@: no status effects
A: no striking features
a: no special abilities


You were on level 5 of the Dungeon.
You visited 1 branch of the dungeon, and saw 1 of its levels.

You collected 38 gold pieces.

Inventory:

Hand Weapons
 a - a +0 falchion (weapon)
Armour
 b - a +0 leather armour (worn)
Wands
 g - a wand of digging (3)
Scrolls
 c - a scroll of fog
 d - a scroll of magic mapping
 e - a scroll of fear
Potions
 f - a potion of haste


   Skills:
 + Level 3.0 Fighting
 * Level 1.8 Long Blades
 + Level 0.1 Armour
 + Level 1.8 Dodging
 - Level 4.5 Stealth


You couldn't memorise any spells.
You didn't know any spells.
Your spell library was empty.

Dungeon Overview and Level Annotations

Branches:
Dungeon (5/15)
 Temple: D:4-7

Altars:


Message History

There is a stone staircase leading down here.
An orc is nearby!
An orc is nearby!
The orc closely misses you.
You barely miss the orc. The orc hits you but does no damage.
You barely miss the orc. The orc hits you but does no damage.
The orc closely misses you.
You hit the orc.
The orc is heavily wounded.
The orc hits you with a +0 mace.
You barely miss the orc.
The orc is heavily wounded.
The orc misses you.
You hit the orc but do no damage.
The orc is heavily wounded.
The orc hits you with a +0 mace.
You hit the orc.
You kill the orc!
The jelly closely misses you.
Found a scroll labelled NUAHISCH YMOON.
A scorpion comes into view.
An orc wizard comes into view. It is wielding a +0 dagger.
An adder and a zombie come into view.
The howler monkey zombie hits you.
A hound comes into view.
Found 13 stones.
You hit the jelly.
Your hands burn!
The jelly is lightly wounded.
The jelly closely misses you.
You hit the jelly.
Your hands burn!
The jelly is heavily wounded.
The jelly hits you but does no damage.
You hit the jelly.
Your hands burn!
* * * LOW HITPOINT WARNING * * *
The jelly is heavily wounded.
The jelly hits you.
* * * LOW HITPOINT WARNING * * *
You are splashed with acid!
Ouch! That really hurt!
You die...

#.#.......########.#
#.#.......# #.#
#.#.......# #####Z#.
##.##Z.###.####.......
#s.....# #..#.........
#Z#.Z..# #..#.#...##.?
#.#..(h...........# ..
#.#########...###.##..
#.ZsJ@...#............
########.#..#.##......
.........###
....###..# #+# #..###
#..... ###.### #...# #
#.#.# #


You could see a scorpion, a jelly and a centaur zombie.

Vanquished Creatures
  An orc (D:5)
1 creature vanquished.

Notes
Turn   | Place    | Note
-------+----------+-------------------------------------------
     0 | D:5      | BritishOli the Demonspawn Delver began the quest for the
                  | Orb.
     0 | D:5      | Reached XP level 1. HP: 18/18 MP: 1/1
    66 | D:5      | Noticed a jelly
   128 | D:5      | Noticed a scorpion
   132 | D:5      | Noticed an orc wizard
   136 | D:5      | Noticed a hound
   151 | D:5      | Splashed by a jelly's acid

Illustrated notes

Levels and vault maps discovered:
D:5:      layout_basic, kennysheep_generic_room_10, uniq_menkaure

Action                   || total
-------------------------++-------
Melee: Falchion          ||     9
Armor: Leather armour    ||     3
Dodge: Dodged            ||     5

Table legend: (Time is in decaauts)
 A = Elapsed time spent in this place.
 B = Non-inter-level travel time spent in this place.
 C = Inter-level travel time spent in this place.
 D = Time resting spent in this place.
 E = Time spent auto-exploring this place.
 F = Levels seen in this place.
 G = Mean time per level.
                   A        B        C        D        E       F      G
               +--------+--------+--------+--------+--------+-----+--------+
         Total |    152 |    150 |      2 |      0 |     65 |   1 |  152.0 |
       Dungeon |    152 |    150 |      2 |      0 |     65 |   1 |  152.0 |
               +--------+--------+--------+--------+--------+-----+--------+

Top non-repeatable levels by time:
     D:5: 152 daAuts
